 Dungeon Crawl Stone Soup version 0.22.1-1-ga44c0e5 (webtiles) character file.

140 Monsterracer the Caller (level 5, -4/31 HPs)
             Began as an Octopode Summoner on Oct 19, 2018.
             Splashed by an orc's acid (9 damage)
             ... on level 4 of the Dungeon.
             The game lasted 00:06:59 (3551 turns).

Monsterracer the Caller (Octopode Summoner)         Turns: 3551, Time: 00:07:00

Health: -4/31      AC: -3    Str:  8    XL:     5   Next: 23%
Magic:  1/9        EV: 13    Int: 18    God:
Gold:   115        SH:  0    Dex: 12    Spells: 4/10 levels left

rFire    . . .     SeeInvis .   a - +2 dagger (vamp)
rCold    . . .     Gourm    .   (no shield)
rNeg     . . .     Faith    .   (helmet restricted)
rPois    .         Spirit   .   (no amulet)
rElec    .         Reflect  .   j - ring of attention (curse)
rCorr    .         Harm     .   (no ring)
MR       .....                  (no ring)
Stlth    ++........             (no ring)
HPRegen  0.10/turn              (no ring)
MPRegen  0.11/turn              (no ring)
                                (no ring)
                                (no ring)

@: corroded
A: almost no armour, stealthy swim, amphibious, 8 rings, constrict 8, camouflage
1, gelatinous body 1
a: no special abilities


You were on level 4 of the Dungeon.
You were not hungry.

You visited 1 branch of the dungeon, and saw 4 of its levels.

You collected 115 gold pieces.

Inventory:

Hand Weapons
 a - a +2 vampiric dagger (weapon)
Jewellery
 j - a cursed ring of attention (left tentacle)
Scrolls
 d - a scroll of remove curse {unknown}
 f - 3 scrolls of identify {unknown}
 g - 2 scrolls of teleportation {unknown}
 i - a scroll of amnesia {unknown}
 l - a scroll of fear {unknown}
Potions
 b - a potion of lignification {unknown}
 e - 3 potions of curing {unknown}
 h - a potion of mutation {unknown}
 k - 3 potions of heal wounds {unknown}
Comestibles
 c - 2 rations


   Skills:
 + Level 2.5 Dodging
 - Level 2.6 Stealth
 + Level 3.0 Spellcasting
 * Level 5.5 Summonings


You had 4 spell levels left.
You knew the following spells:

 Your Spells              Type           Power        Failure   Level  Hunger
a - Summon Small Mammal   Summ           ###.         1%          1    None
b - Call Canine Familiar  Summ           ###.....     4%          3    ###....
f - Call Imp              Summ           ###.....     2%          2    ##.....

Your spell library contained the following spells:

 Spells                   Type           Power        Failure   Level  Hunger
 Summon Guardian Golem    Hex/Summ       ##......     16%         3    ###....
 Summon Ice Beast         Ice/Summ       ##......     45%         4    ####...
 Summon Lightning Spire   Summ/Air       ##......     45%         4    ####...


Dungeon Overview and Level Annotations

Branches:
Dungeon (4/15)
 Temple: D:4-7

Altars:
Hepliaklqana

Shops:
D:4 :


Innate Abilities, Weirdness & Mutations

You cannot wear most types of armour.
You are very stealthy in the water. (Stealth+)
You are amphibious.
You can wear up to eight rings at the same time.
You can use your tentacles to constrict eight enemies at once.
Your skin changes colour to match your surroundings (Stealth+).
Your rubbery body absorbs attacks. (AC +1, EV +1)


Message History

A hobgoblin is nearby!
A hobgoblin is nearby!
The helpless hobgoblin fails to defend itself.
You puncture the hobgoblin!
You kill the hobgoblin!
No target in view!
You open the door.
There is an open door here.
A rat comes into view.
A rat is nearby!
A rat is nearby!
A rat is nearby!
The rat twitches its whiskers.
You are near starving!
You hit the rat. Your grab misses the rat.
The rat is heavily wounded.
The rat bites you.
You take 3 damage, and have 28/31 hp.
You closely miss the rat. You grab the rat.
The rat is heavily wounded.
You constrict the rat.
You kill the rat!
No target in view!
HP restored.
f - 3 scrolls labeled QYRE OHAL BYPH (gained 1) Done exploring.
Health restored: 31 Done exploring.
Done exploring.
Done exploring.
You see here a club.
There is an open door here.
There is a stone staircase leading down here.
You climb downwards.
There is a stone staircase leading up here.
Found a hand axe.
You see here a hand axe.
Found Xehoytz's Book Boutique.
Found a stone staircase leading down.
There is an entrance to Xehoytz's Book Boutique here.
You can access your shopping list by pressing '$'.
You now have 112 gold pieces (gained 10).
You are starving!
You need to eat something NOW!
You need to eat something NOW!
You eat one of the 3 rations.
That ration really hit the spot!
Found an escape hatch in the ceiling. 2 orcs come into view.
The orc shouts!
You see here 3 gold pieces.
There are monsters nearby!
There are monsters nearby!
You now have 115 gold pieces (gained 3). 2 orcs come into view.
Casting: Call Imp (safe; 2% risk of failure)
Confirm with . or Enter, or press ? or * to list all spells.
A beastly little devil appears in a puff of flame.
The orc shouts! x3
You now have 7/9 mp.
Casting: Call Imp (safe; 2% risk of failure)
Confirm with . or Enter, or press ? or * to list all spells.
A shadowy apparition takes form in the air.
The orc barely misses you. The orc closely misses your shadow imp.
You now have 5/9 mp.
You hit the orc but do no damage. Your grab misses the orc.
The orc closely misses you. The orc closely misses your shadow imp.
The orc misses your crimson imp.
Your shadow imp hits the orc.
Your crimson imp hits the orc.
You closely miss the orc. You grab the orc. Your squeeze misses the orc.
The orc is heavily wounded.
You constrict the orc. The orc barely misses you.
The orc closely misses your shadow imp. The orc misses your crimson imp.
The orc barely misses your shadow imp.
Your shadow imp hits the orc.
The orc dies!
Your crimson imp barely misses the orc.
Casting: Call Imp (safe; 2% risk of failure)
Confirm with . or Enter, or press ? or * to list all spells.
A shadowy apparition takes form in the air.
The orc zaps a wand.
The bolt of acid hits your shadow imp.
Your shadow imp is splashed with acid.
Your shadow imp dies!
The bolt of acid misses you.
It is a wand of acid (8).
Your crimson imp closely misses the orc.
You now have 3/9 mp.
Casting: Call Imp (safe; 2% risk of failure)
Confirm with . or Enter, or press ? or * to list all spells.
A beastly little devil appears in a puff of flame.
The orc misses your crimson imp. The orc barely misses you.
Your crimson imp closely misses the orc.
You now have 1/9 mp.
You hit the orc but do no damage. You grab the orc. You constrict the orc.
The orc zaps a wand.
The bolt of acid hits the orc.
The orc is splashed with acid.
The acid corrodes the orc!
The orc dies!
The bolt of acid hits you!
Ouch! That really hurt!
* * * LOW HITPOINT WARNING * * *
The acid corrodes you!
You are splashed with acid!
The acid burns!
You die...

##.......##
#.........#
#.........##
#.<........#
#.....>....#
#...oo....?#
#...)5.....#
#..@......#
#..5......#
#...5.....#
#........## #
#..∩.....#
..#####........#
...............#
..............##
####...#.....#


You could see 2 orcs, 2 friendly crimson imps and a friendly shadow imp.

Vanquished Creatures
  An adder (D:2)
  An adder skeleton (D:2)
  A worm (D:2)
  2 dart slugs
  A leopard gecko (D:2)
  3 orcs (D:3)
  5 bats
  4 giant cockroaches
  2 goblins (D:2)
  8 hobgoblins
  A jackal (D:2)
  6 quokkas
  3 ball pythons (D:2)
  3 frilled lizards
  5 kobolds
  8 rats
54 creatures vanquished.

Vanquished Creatures (collateral kills)
  A phantom (D:3)
  An orc (D:4)
  A hobgoblin (D:3)
  A jackal (D:2)
  A ball python (D:1)
  A bat (D:1)
  2 goblins
  4 kobolds
12 creatures vanquished.

Vanquished Creatures (others)
  An orc (D:4)
1 creature vanquished.

Grand Total: 67 creatures vanquished

Notes
Turn   | Place    | Note
-------+----------+-------------------------------------------
     0 | D:1      | Monsterracer the Octopode Summoner began the quest for the
                  | Orb.
     0 | D:1      | Reached XP level 1. HP: 11/11 MP: 3/3
   265 | D:1      | Reached XP level 2. HP: 17/17 MP: 5/5
   269 | D:1      | Learned a level 2 spell: Call Imp
   462 | D:1      | HP: 8/17 [kobold/whip (2)]
  1012 | D:2      | Reached XP level 3. HP: 14/21 MP: 3/6
  1023 | D:2      | Learned a level 3 spell: Call Canine Familiar
  1559 | D:2      | Reached skill level 5 in Summonings
  1561 | D:2      | Found a hazy altar of Hepliaklqana.
  1670 | D:2      | You fall through a shaft!
  1774 | D:3      | Reached XP level 4. HP: 27/27 MP: 7/7
  2036 | D:3      | Noticed a phantom
  2061 | D:3      | HP: 13/27 [phantom (5)]
  2074 | D:3      | HP: 6/27 [phantom (8)]
  2082 | D:3      | HP: 2/27 [phantom (5)]
  2117 | D:3      | Killed a phantom
  2117 | D:3      | Reached XP level 5. HP: 5/31 MP: 0/9
  3526 | D:4      | Found Xehoytz's Book Boutique.
  3551 | D:4      | HP: 5/31 [orc/wand of acid (8) (26)]
  3551 | D:4      | Splashed by an orc's acid

Skill      XL: |  1  2  3  4  5 |
---------------+----------------+-----
Summonings     | 5 |  5.5
Spellcasting   | 3 |  3.0
Dodging        | |  2.5
Stealth        | |  2.6

Action                   |  1- 3 |  4- 6 || total
-------------------------+-------+-------++-------
Melee: Short sword       |    27 |       ||    27
       Constrict         |    14 |    11 ||    25
       Unarmed           |     3 |       ||     3
       Tentacles         |     5 |     5 ||    10
       Dagger            |    27 |    49 ||    76
 Cast: Summon Small Mamm |    29 |     4 ||    33
       Call Imp          |       |     9 ||     9
       Call Canine Famil |       |     2 ||     2
 Stab: Sleeping          |    14 |     6 ||    20
  Eat: Ration            |     2 |     2 ||     4
       Chunk             |     1 |       ||     1
Armor: Skin              |     3 |       ||     3
Dodge: Dodged            |    31 |    29 ||    60

Vault maps used:
D:1:      dpeg_arrival_orchard, minivault_25
D:2:      kennysheep_big_flooded_room, lemuel_coloured_pillars_altar,
          minmay_tall_x
D:3:      first_ration, kennysheep_generic_room_13
D:4:      lemuel_doored_altar, nemelex_xobeh_ov_fountains_minmay, serial_shops,
          shop
